 Dungeon Crawl Stone Soup version 0.27.0-1-g7a089689b8 (webtiles) character file.

Game seed: 9060847137998791768

133 Acheron the Ruffian (level 4, -5/41 HPs)
             Began as a Troll Enchanter on Aug 15, 2021.
             Slain by a mummy (17 damage)
             ... in an ossuary.
             The game lasted 00:04:22 (959 turns).

Acheron the Ruffian (Troll Enchanter)                Turns: 959, Time: 00:04:22

Health: -5/41      AC:  4    Str: 16    XL:     4   Next: 94%
Magic:  5/5        EV: 10    Int: 11    God:
Gold:   86         SH:  0    Dex: 11    Spells: 5/6 levels left

rFire    . . .     SeeInvis .     - Unarmed
rCold    . . .     Faith    .   (no shield)
rNeg     . . .     Spirit   .   b - +0 robe
rPois    .         Reflect  .   (helmet restricted)
rElec    .         Harm     .   (no cloak)
rCorr    .         Rampage  .   (gloves unavailable)
Will     .....                  (boots unavailable)
Stlth    ++........             (no amulet)
HPRegen  1.13/turn              (no ring)
MPRegen  0.09/turn              (no ring)

@: no status effects
A: large, unfitting armour, claws 3, regeneration 1, shaggy fur 1, tough skin 1
a: no special abilities


You were in an ossuary.
You visited 1 branch of the dungeon, and saw 4 of its levels.
You also visited: Ossuary.

You collected 86 gold pieces.

Inventory:

Hand Weapons
 e - a +2 dagger of venom
Missiles
 h - 5 large rocks
Armour
 b - a +0 robe (worn)
Scrolls
 d - a scroll of magic mapping {unknown}
 g - a scroll of blinking {unknown}
 i - a scroll of identify {unknown}
Potions
 a - 2 potions of curing {unknown}
 c - a potion of mutation {unknown}
 f - a potion of lignification {unknown}


   Skills:
 * Level 1.1 Fighting
 - Level 0.7 Short Blades
 * Level 2.0 Dodging
 + Level 2.0 Stealth
 * Level 2.3 Unarmed Combat
 * Level 1.6 Spellcasting
 + Level 2.2 Hexes


You had 5 spell levels left.
You knew the following spells:

 Your Spells              Type           Power      Damage    Failure   Level
a - Corona                Hex            5%         N/A       12%         1

Your spell library contained the following spells:

 Spells                   Type           Power      Damage    Failure   Level
 Ensorcelled Hibernation  Hex/Ice        6%         N/A       28%         2
 Confusing Touch          Hex            5%         N/A       36%         3
 Tukima's Dance           Hex            5%         N/A       36%         3
 Corpse Rot               Necr/Air       N/A        N/A       43%         2
 Poisonous Vapours        Pois/Air       0%         N/A       43%         2
 Dazzling Flash           Conj/Hex       6%         N/A       50%         3
 Freezing Cloud           Conj/Ice/Air   0%         6-21      100%        5


Dungeon Overview and Level Annotations

Branches:
Dungeon (4/15)            Ossuary (1/1)
 Temple: D:4-7

Altars:


Innate Abilities, Weirdness & Mutations

You are too large for most types of armour.
You have claws for hands.
Your natural rate of healing is unusually fast.
You are covered in fur. (AC +1)
You have tough skin. (AC +1)


Message History

You barely miss the kobold zombie.
The kobold zombie is lightly damaged.
The kobold zombie hits you.
You claw the kobold zombie!
You destroy the kobold zombie!
You claw the kobold zombie!
You destroy the kobold zombie!
The mummy hits you!!
You scratch the mummy.
The mummy is lightly damaged.
You scratch the mummy.
The mummy is moderately damaged.
The mummy hits you!
* * * LOW HITPOINT WARNING * * *
The mummy closely misses you.
You scratch the mummy but do no damage.
The mummy is moderately damaged.
Unknown command.
You completely miss the mummy.
The mummy is moderately damaged.
You claw the mummy!
The mummy is almost destroyed.
You closely miss the mummy.
The mummy is almost destroyed.
The mummy hits you!
* * * LOW HITPOINT WARNING * * *
The mummy closely misses you.
There is an empty arch of ancient stone here.
There is a gate leading back out of this place here.
You scratch the mummy.
You destroy the mummy!
You scratch the mummy.
The mummy is moderately damaged.
The mummy barely misses you.
You claw the mummy!
The mummy is severely damaged.
You barely miss the mummy.
The mummy is severely damaged.
The mummy hits you!
You die...

#....#
#....#
#....#
#....#
#....#
#....#
#....#
#.M..#
#.@∩.#
######


You could see a mummy.

Vanquished Creatures
  A scorpion (D:2)
  3 mummies (Ossuary)
  A worm (D:2)
  A dart slug (D:2)
  An endoplasm (D:2)
  2 gnoll zombies (Ossuary)
  4 hobgoblins
  3 jackals (D:2)
  3 quokkas
  3 ball pythons
  A bat (D:1)
  3 frilled lizards
  2 goblins (D:1)
  3 hobgoblin zombies (Ossuary)
  A kobold (D:2)
  2 kobold zombies (Ossuary)
  An orc zombie (Ossuary)
  4 rats (D:1)
39 creatures vanquished.

Notes
Turn   | Place    | Note
-------+----------+-------------------------------------------
     0 | D:1      | Acheron the Troll Enchanter began the quest for the Orb.
     0 | D:1      | Reached XP level 1. HP: 16/16 MP: 1/1
   351 | D:1      | Reached XP level 2. HP: 24/24 MP: 2/2
   407 | D:1      | Found a faded altar of an unknown god.
   662 | D:2      | Noticed a scorpion
   686 | D:2      | Killed a scorpion
   687 | D:2      | Reached skill level 1 in Fighting
   687 | D:2      | Reached skill level 1 in Unarmed Combat
   687 | D:2      | Reached XP level 3. HP: 21/33 MP: 4/4
   687 | D:2      | Reached XP level 4. HP: 26/41 MP: 5/5
   850 | D:4      | Found a sand-covered staircase.
   850 | D:4      | Noticed a black bear
   865 | Ossuary  | Entered an ossuary
   959 | Ossuary  | Slain by a mummy

Illustrated notes

Levels and vault maps discovered:
D:1:      sevenhm_arrival_forest_fort_small_5, layout_loops_ring,
          ebering_ecumenical_altar_sacrificial
D:2:      layout_basic, lightli_corner_chamber
D:3:      kennysheep_the_goblin_king, layout_rooms, serial_shops,
          nicolae_shop_statue_plus
D:4:      kennysheep_spiral_hall, layout_basic,
          chequers_temple_overflow_minitemple, minmay_temple_entry_wispy,
          nicolae_ossuary_entry_ruins, uniq_ijyb, uniq_crazy_yiuf_cottage,
          uniq_blork_the_orc
Ossuary:  ossuary_tomb_3

Skill      XL: |  1  2  3  4 |
---------------+-------------+-----
Fighting       | 1 |  1.1
Dodging        | 2 |  2.0
Unarmed Combat | 1 2 |  2.3
Stealth        | 2 |  2.0
Short Blades   | |  0.7
Spellcasting   | |  1.6
Hexes          | |  2.2

Action                   |  1- 3 |  4- 6 || total
-------------------------+-------+-------++-------
Melee: Unarmed           |    57 |    90 ||   147
       Punch             |       |     1 ||     1
 Stab: Sleeping          |     4 |       ||     4
Armor: Robe              |    20 |    33 ||    53
Dodge: Dodged            |    23 |    46 ||    69
